TOP OF THE 1ST |
Trois-Riveres Aigles batting - Pitching for Columbus Reds : RHP Kyle Vance
|
Pitching: RHP Kyle Vance
|
|
Batting: LHB Jonathan Spino
|
0-0: Called Strike 0-1: Ball 1-1: Ball 2-1: SINGLE (Flyball, 8LS, EV 90.6 MPH)
|
Batting: RHB Josh Harmon
|
0-0: Fly out, F5 (Popup, 5F, EV 79.4 MPH)
|
Batting: LHB Rich Matthews
|
0-0: Called Strike Jonathan Spino steals 2nd base 0-1: Ball 1-1: Ball 2-1: Fly out, F7 (Line Drive, 7, EV 89.4 MPH)
|
Batting: LHB Sean Banks
|
0-0: Ball 1-0: Ground out U3 (Groundball, 3, EV 86.2 MPH)
|
Top of the 1st over - 0 runs, 1 hit, 0 errors, 1 left on base; Trois-Riveres 0 - Columbus 0 |
BOTTOM OF THE 1ST |
Columbus Reds batting - Pitching for Trois-Riveres Aigles : RHP Mike Oliver
|
Pitching: RHP Mike Oliver
|
|
Batting: SHB Jaivata Mohanty
|
0-0: Called Strike 0-1: Ball 1-1: Foul Ball, location: 2F 1-2: Strikes out swinging
|
Batting: RHB Andy Bachman
|
0-0: Swinging Strike 0-1: Swinging Strike 0-2: Ball 1-2: Ball 2-2: Strikes out swinging
|
Batting: LHB Matt Kennedy
|
0-0: Called Strike 0-1: Foul Ball, location: 2F 0-2: Ball 1-2: Ball 2-2: Ball 3-2: SOLO HOME RUN (Flyball, 89XD, EV 115.0 MPH), Distance : 447 ft
|
Batting: SHB David Garnica
|
0-0: Called Strike 0-1: Ball 1-1: Ball 2-1: Foul Ball, location: 2F 2-2: DOUBLE (Flyball, 78D, EV 92.5 MPH)
|
Batting: LHB Jamie Spangenberg
|
0-0: Ground out 1-3 (Groundball, 34S, EV 66.9 MPH)
|
Bottom of the 1st over - 1 run, 2 hits, 0 errors, 1 left on base; Trois-Riveres 0 - Columbus 1 |
TOP OF THE 2ND |
Trois-Riveres Aigles batting - Pitching for Columbus Reds : RHP Kyle Vance
|
Batting: RHB Alex Diaz
|
0-0: Ball 1-0: Called Strike 1-1: Foul Ball, location: 2F 1-2: Foul Ball, location: 2F 1-2: Foul Ball, location: 2F 1-2: Ball 2-2: Ball 3-2: Fly out, F8 (Flyball, 8RS, EV 89.4 MPH)
|
Batting: RHB Dave Galloway
|
0-0: Fly out, F8 (Flyball, 8RM, EV 71.2 MPH)
|
Batting: RHB Jason Penfield
|
0-0: Foul Ball, location: 2F 0-1: Swinging Strike 0-2: Ball 1-2: Foul Ball, location: 2F 1-2: Ball 2-2: Ball 3-2: Strikes out swinging
|
Top of the 2nd over - 0 runs, 0 hits, 0 errors, 0 left on base; Trois-Riveres 0 - Columbus 1 |
BOTTOM OF THE 2ND |
Columbus Reds batting - Pitching for Trois-Riveres Aigles : RHP Mike Oliver
|
Batting: RHB Sang-ton Pak
|
0-0: Foul Ball, location: 2F 0-1: Called Strike 0-2: Ball 1-2: Ball 2-2: Foul Ball, location: 2F 2-2: Foul Ball, location: 2F 2-2: Foul Ball, location: 2F 2-2: Foul Ball, location: 2F 2-2: Foul Ball, location: 2F 2-2: Strikes out swinging
|
Batting: RHB Juan Zamora
|
0-0: Ball 1-0: Ball 2-0: Ball 3-0: Called Strike 3-1: Base on Balls
|
Batting: RHB Ed Santibanez
|
0-0: Ball Juan Zamora is caught stealing 2nd base 2-4 1-0: Called Strike 1-1: Swinging Strike 1-2: SINGLE (Groundball, 56D, EV 94.4 MPH)
|
Batting: SHB Cesar Pelayo
|
0-0: Ball 1-0: Ball 2-0: Ball 3-0: Called Strike 3-1: Base on Balls Ed Santibanez to second
|
Batting: SHB Jaivata Mohanty
|
0-0: Ball 1-0: Ball 2-0: Ball 3-0: Base on Balls Ed Santibanez to third Cesar Pelayo to second
|
Batting: RHB Andy Bachman
|
0-0: Ball 1-0: Called Strike 1-1: SINGLE (Groundball, 4MD, EV 94.4 MPH) Ed Santibanez scores Cesar Pelayo to third Jaivata Mohanty to second Runner from 3rd tries for Home, SAFE, throw by CF to home
|
Batting: LHB Matt Kennedy
|
0-0: Ground out 4-3 (Groundball, 4, EV 89.4 MPH)
|
Bottom of the 2nd over - 2 runs, 2 hits, 0 errors, 2 left on base; Trois-Riveres 0 - Columbus 3 |
TOP OF THE 3RD |
Trois-Riveres Aigles batting - Pitching for Columbus Reds : RHP Kyle Vance
|
Batting: RHB Alex Koral
|
0-0: Ball 1-0: Foul Ball, location: 2F 1-1: Ball 2-1: Foul Ball, location: 2F 2-2: Ground out 5-3 (Groundball, 56, EV 106.9 MPH)
|
Batting: RHB Wan-ling Zhu
|
0-0: Ball 1-0: Ball 2-0: Foul Ball, location: 2F 2-1: Foul Ball, location: 2F 2-2: Strikes out swinging, 2-3 out at first.
|
Batting: LHB Jonathan Spino
|
0-0: Fly out, F7 (Line Drive, 7, EV 89.4 MPH)
|
Top of the 3rd over - 0 runs, 0 hits, 0 errors, 0 left on base; Trois-Riveres 0 - Columbus 3 |
BOTTOM OF THE 3RD |
Columbus Reds batting - Pitching for Trois-Riveres Aigles : RHP Mike Oliver
|
Batting: SHB David Garnica
|
0-0: Called Strike 0-1: Ball 1-1: Ball 2-1: Foul Ball, location: 2F 2-2: Ball 3-2: Strikes out swinging
|
Batting: LHB Jamie Spangenberg
|
0-0: Ball 1-0: Called Strike 1-1: Ball 2-1: Fly out, F8 (Line Drive, 8LD, EV 100.0 MPH)
|
Batting: RHB Sang-ton Pak
|
0-0: SOLO HOME RUN (Flyball, 7D, EV 97.5 MPH), Distance : 396 ft
|
Batting: RHB Juan Zamora
|
0-0: Ball 1-0: Ball 2-0: Called Strike 2-1: Ball 3-1: Swinging Strike 3-2: Foul Ball, location: 2F 3-2: Base on Balls
|
Batting: RHB Ed Santibanez
|
0-0: Ball Juan Zamora steals 2nd base 1-0: Called Strike 1-1: Swinging Strike 1-2: Ball 2-2: Ball 3-2: Base on Balls
|
Batting: SHB Cesar Pelayo
|
0-0: Called Strike 0-1: Called Strike 0-2: Foul Ball, location: 2F 0-2: Ball 1-2: Ball 2-2: Ball 3-2: Ground out 6-3 (Groundball, 6, EV 86.9 MPH)
|
Bottom of the 3rd over - 1 run, 1 hit, 0 errors, 2 left on base; Trois-Riveres 0 - Columbus 4 |
TOP OF THE 4TH |
Trois-Riveres Aigles batting - Pitching for Columbus Reds : RHP Kyle Vance
|
Batting: RHB Josh Harmon
|
0-0: Ball 1-0: Called Strike 1-1: Swinging Strike 1-2: Strikes out swinging
|
Batting: LHB Rich Matthews
|
0-0: Ball 1-0: Called Strike 1-1: Foul Ball, location: 2F 1-2: Ball 2-2: Fly out, F8 (Flyball, 8LD, EV 85.0 MPH)
|
Batting: LHB Sean Banks
|
0-0: Called Strike 0-1: Ball 1-1: Called Strike 1-2: Ball 2-2: Foul Ball, location: 2F 2-2: Ball 3-2: Strikes out swinging
|
Top of the 4th over - 0 runs, 0 hits, 0 errors, 0 left on base; Trois-Riveres 0 - Columbus 4 |
BOTTOM OF THE 4TH |
Columbus Reds batting - Pitching for Trois-Riveres Aigles : RHP Mike Oliver
|
Batting: SHB Jaivata Mohanty
|
0-0: SINGLE (Groundball, 6M, EV 110.6 MPH) (infield hit)
|
Batting: RHB Andy Bachman
|
0-0: Ball Jaivata Mohanty steals 2nd base 1-0: Ball 2-0: Called Strike 2-1: Swinging Strike 2-2: Strikes out looking
|
Batting: LHB Matt Kennedy
|
0-0: Ball 1-0: Called Strike 1-1: Ball 2-1: Called Strike 2-2: Foul Ball, location: 2F 2-2: Ground out 4-3 (Groundball, 4, EV 106.2 MPH) Jaivata Mohanty to third
|
Batting: SHB David Garnica
|
0-0: Ball 1-0: Swinging Strike 1-1: Ball 2-1: Ground out 5-3 (Groundball, 56S, EV 80.6 MPH)
|
Bottom of the 4th over - 0 runs, 1 hit, 0 errors, 1 left on base; Trois-Riveres 0 - Columbus 4 |
TOP OF THE 5TH |
Trois-Riveres Aigles batting - Pitching for Columbus Reds : RHP Kyle Vance
|
Batting: RHB Alex Diaz
|
0-0: Foul Ball, location: 2F 0-1: Called Strike 0-2: Foul Ball, location: 2F 0-2: Strikes out looking
|
Batting: RHB Dave Galloway
|
0-0: Ball 1-0: Foul Ball, location: 2F 1-1: Swinging Strike 1-2: Ball 2-2: Foul Ball, location: 2F 2-2: Ball 3-2: Strikes out swinging
|
Batting: RHB Jason Penfield
|
0-0: Foul Ball, location: 2F 0-1: Foul Ball, location: 2F 0-2: Strikes out swinging
|
Top of the 5th over - 0 runs, 0 hits, 0 errors, 0 left on base; Trois-Riveres 0 - Columbus 4 |
BOTTOM OF THE 5TH |
Columbus Reds batting - Pitching for Trois-Riveres Aigles : RHP Mike Oliver
|
Batting: LHB Jamie Spangenberg
|
0-0: Ball 1-0: DOUBLE (Flyball, 89XD, EV 105.6 MPH)
|
Batting: RHB Sang-ton Pak
|
0-0: Foul Ball, location: 2F 0-1: Ball 1-1: Ball 2-1: Foul Ball, location: 2F 2-2: Reached on error, E3 (Groundball, 34, EV 85.0 MPH) Jamie Spangenberg to third
|
Pitching: LHP Dean Byrne
|
|
Batting: RHB Juan Zamora
|
0-0: Ball 1-0: Ball 2-0: Swinging Strike 2-1: Fly out, F8 (Flyball, 8RS, EV 84.4 MPH)
|
Batting: RHB Ed Santibanez
|
0-0: Ball 1-0: Fielders Choice at 2nd, 6-4 (Groundball, 6M, EV 103.1 MPH) Jamie Spangenberg scores
|
Batting: SHB Cesar Pelayo
|
0-0: Ball 1-0: Called Strike 1-1: Called Strike 1-2: Strikes out swinging
|
Bottom of the 5th over - 1 run, 1 hit, 1 error, 1 left on base; Trois-Riveres 0 - Columbus 5 |
TOP OF THE 6TH |
Trois-Riveres Aigles batting - Pitching for Columbus Reds : RHP Kyle Vance
|
Batting: RHB Alex Koral
|
0-0: Ball 1-0: Foul Ball, location: 2F 1-1: Fly out, F9 (Flyball, 89D, EV 85.6 MPH)
|
Batting: RHB Wan-ling Zhu
|
0-0: Called Strike 0-1: Ground out 6-3 (Groundball, 56D, EV 102.5 MPH)
|
Batting: LHB Jonathan Spino
|
0-0: Called Strike 0-1: Ball 1-1: SINGLE (Line Drive, 4D, EV 103.8 MPH)
|
Batting: RHB Josh Harmon
|
0-0: Called Strike 0-1: Ball 1-1: Ball Jonathan Spino steals 2nd base 2-1: Fly out, F8 (Flyball, 89D, EV 86.2 MPH)
|
Top of the 6th over - 0 runs, 1 hit, 0 errors, 1 left on base; Trois-Riveres 0 - Columbus 5 |
BOTTOM OF THE 6TH |
Columbus Reds batting - Pitching for Trois-Riveres Aigles : LHP Dean Byrne
|
Batting: SHB Jaivata Mohanty
|
0-0: Called Strike 0-1: Ball 1-1: Foul Ball, location: 2F 1-2: Ground out 6-3 (Groundball, 6, EV 88.1 MPH)
|
Batting: RHB Andy Bachman
|
0-0: Ground out U3 (Groundball, 34, EV 85.6 MPH)
|
Batting: LHB Matt Kennedy
|
0-0: Called Strike 0-1: Foul Ball, location: 2F 0-2: Ground out 5-3 (Groundball, 56S, EV 73.8 MPH)
|
Bottom of the 6th over - 0 runs, 0 hits, 0 errors, 0 left on base; Trois-Riveres 0 - Columbus 5 |
TOP OF THE 7TH |
Trois-Riveres Aigles batting - Pitching for Columbus Reds : RHP Kyle Vance
|
Batting: LHB Rich Matthews
|
0-0: Called Strike 0-1: Swinging Strike 0-2: Strikes out swinging
|
Batting: LHB Sean Banks
|
0-0: Ball 1-0: Fly out, F9 (Flyball, 9LS, EV 80.6 MPH)
|
Batting: RHB Alex Diaz
|
0-0: Ground out 6-3 (Groundball, 6, EV 108.8 MPH)
|
Top of the 7th over - 0 runs, 0 hits, 0 errors, 0 left on base; Trois-Riveres 0 - Columbus 5 |
BOTTOM OF THE 7TH |
Columbus Reds batting - Pitching for Trois-Riveres Aigles : LHP Dean Byrne
|
Batting: SHB David Garnica
|
0-0: Ball 1-0: SINGLE (Flyball, 9LS, EV 92.5 MPH)
|
Batting: LHB Jamie Spangenberg
|
0-0: Called Strike 0-1: Ball 1-1: Ball Wild Pitch! David Garnica to second 2-1: Swinging Strike 2-2: Foul Ball, location: 2F 2-2: Strikes out swinging
|
Batting: RHB Sang-ton Pak
|
0-0: Ball 1-0: Foul Ball, location: 2F 1-1: Foul Ball, location: 2F 1-2: Strikes out looking
|
Batting: RHB Juan Zamora
|
0-0: Ball 1-0: Foul Ball, location: 2F 1-1: Foul Ball, location: 2F 1-2: Fly out, F4 (Popup, 34, EV 77.5 MPH)
|
Bottom of the 7th over - 0 runs, 1 hit, 0 errors, 1 left on base; Trois-Riveres 0 - Columbus 5 |
TOP OF THE 8TH |
Trois-Riveres Aigles batting - Pitching for Columbus Reds : RHP Kyle Vance
|
Batting: RHB Dave Galloway
|
0-0: Ball 1-0: Ball 2-0: Ball 3-0: Called Strike 3-1: Swinging Strike 3-2: Foul Ball, location: 2F 3-2: Ground out 3-1 (Groundball, 34, EV 91.9 MPH)
|
Batting: RHB Jason Penfield
|
0-0: Ball 1-0: Foul Ball, location: 2F 1-1: Foul Ball, location: 2F 1-2: Strikes out looking
|
Batting: RHB Alex Koral
|
0-0: Called Strike 0-1: Foul Ball, location: 2F 0-2: SOLO HOME RUN (Flyball, 7D, EV 104.4 MPH), Distance : 387 ft
|
Batting: RHB Wan-ling Zhu
|
0-0: Ball 1-0: Called Strike 1-1: Called Strike 1-2: Foul Ball, location: 2F 1-2: Fly out, F8 (Flyball, 8LD, EV 105.0 MPH)
|
Top of the 8th over - 1 run, 1 hit, 0 errors, 0 left on base; Trois-Riveres 1 - Columbus 5 |
BOTTOM OF THE 8TH |
Columbus Reds batting - Pitching for Trois-Riveres Aigles : LHP Dean Byrne
|
Pitching: LHP Ryan Folks
|
|
Batting: RHB Ed Santibanez
|
0-0: Called Strike 0-1: Foul Ball, location: 2F 0-2: Strikes out swinging
|
Batting: SHB Cesar Pelayo
|
0-0: Called Strike 0-1: Foul Ball, location: 2F 0-2: Ball 1-2: Foul Ball, location: 2F 1-2: Foul Ball, location: 2F 1-2: Fly out, F8 (Flyball, 8LS, EV 81.2 MPH)
|
Batting: SHB Jaivata Mohanty
|
0-0: Ball 1-0: Ball 2-0: Called Strike 2-1: Foul Ball, location: 2F 2-2: Strikes out swinging
|
Bottom of the 8th over - 0 runs, 0 hits, 0 errors, 0 left on base; Trois-Riveres 1 - Columbus 5 |
TOP OF THE 9TH |
Trois-Riveres Aigles batting - Pitching for Columbus Reds : RHP Kyle Vance
|
Now at 1B: Ernie Maldonado
|
|
Now at 2B: Alex de Leon
|
|
Now in LF: Tim Kirk
|
|
Batting: LHB Jonathan Spino
|
0-0: Ball 1-0: Swinging Strike 1-1: Ground out 5-3 (Groundball, 56S, EV 75.0 MPH)
|
Batting: RHB Josh Harmon
|
0-0: Called Strike 0-1: Ball 1-1: Swinging Strike 1-2: Ball 2-2: Ball 3-2: Strikes out swinging
|
Batting: LHB Rich Matthews
|
0-0: Called Strike 0-1: Ball 1-1: Ball 2-1: Ball 3-1: Base on Balls
|
Batting: LHB Sean Banks
|
0-0: Ball 1-0: Foul Ball, location: 2F 1-1: Called Strike 1-2: Ball 2-2: Ball 3-2: DOUBLE (Groundball, 3L, EV 98.8 MPH) Rich Matthews to third Rich Matthews scores
|
Batting: RHB Alex Diaz
|
0-0: Called Strike 0-1: Swinging Strike 0-2: Foul Ball, location: 2F 0-2: Ball 1-2: SINGLE (Groundball, 6MD, EV 96.2 MPH) Sean Banks to third
|
Batting: RHB Dave Galloway
|
0-0: Called Strike 0-1: Called Strike 0-2: Foul Ball, location: 2F 0-2: Ball 1-2: Fly out, F8 (Flyball, 8LM, EV 92.5 MPH)
|
Top of the 9th over - 1 run, 2 hits, 0 errors, 2 left on base; Trois-Riveres 2 - Columbus 5 |
|